 Dungeon Crawl Stone Soup version 0.24-a0-358-g53aee78b01 (webtiles) character file.

Game seed: 3257803610487837355

1547 Azzok the Thaumaturge (level 8, -3/43 HPs)
             Began as a Deep Elf Fire Elementalist on May 25, 2019.
             Splashed by a centaur's acid (18 damage)
             ... on level 7 of the Dungeon.
             The game lasted 00:12:58 (6760 turns).

Azzok the Thaumaturge (Deep Elf Fire Elementalist)  Turns: 6760, Time: 00:12:58

Health: -3/43      AC:  4    Str:  5    XL:     8   Next: 57%
Magic:  16/22      EV: 13    Int: 23    God:
Gold:   472        SH:  6    Dex: 15    Spells: 6/23 levels left

rFire    . . .     SeeInvis .   (no weapon)
rCold    . . .     Gourm    .   (no shield)
rNeg     . . .     Faith    .   a - +0 robe
rPois    .         Spirit   .   (no helmet)
rElec    .         Reflect  +   h - +0 cloak
rCorr    .         Harm     .   n - +0 pair of gloves
MR       .....                  (no boots)
Stlth    +++.......             i - +6 amulet of reflection
HPRegen  0.14/turn              v - ring of wizardry
MPRegen  0.18/turn              r - ring of stealth

@: no status effects
A: no striking features
a: no special abilities


You were on level 7 of the Dungeon.
You were not hungry.

You visited 2 branches of the dungeon, and saw 8 of its levels.

You collected 472 gold pieces.

Inventory:

Armour
 a - a +0 robe (worn)
 h - a +0 cloak (worn)
 n - a +0 pair of gloves (worn)
 y - a +2 buckler
Jewellery
 i - a +6 amulet of reflection (around neck)
 q - an uncursed ring of protection from cold
 r - a ring of stealth (right hand)
 v - a ring of wizardry (left hand)
 w - a cursed amulet of inaccuracy {unknown}
Scrolls
 d - 3 scrolls of blinking {unknown}
 f - a scroll of amnesia
 g - a scroll of random uselessness {unknown}
 k - a scroll of enchant weapon {unknown}
 l - a scroll of remove curse
 m - a scroll of immolation {unknown}
 s - 2 scrolls of magic mapping {unknown}
 t - a scroll of teleportation {unknown}
 x - a scroll of fear {unknown}
Potions
 b - 2 potions of lignification
 e - a potion of flight {unknown}
 j - a potion of might {unknown}
 o - a potion of heal wounds {unknown}
 p - 3 potions of curing {unknown}
 u - a potion of ambrosia {unknown}
 z - a potion of mutation {unknown}
 A - a potion of haste {unknown}
Comestibles
 c - 13 rations


   Skills:
 - Level 1.0 Fighting
 - Level 2.4 Dodging
 - Level 2.4 Stealth
 + Level 1.4 Shields
 + Level 8.3 Spellcasting
 + Level 6.6 Conjurations
 + Level 7.4 Fire Magic


You had 6 spell levels left.
You knew the following spells:

 Your Spells              Type           Power        Failure   Level  Hunger
a - Flame Tongue          Conj/Fire      #####        1%          1    None
b - Conjure Flame         Conj/Fire      #####...     1%          3    None
c - Sticky Flame          Conj/Fire      #####...     1%          4    ##.....
d - Fireball              Conj/Fire      #####.....   4%          5    #####..
e - Force Lance           Conj/Tloc      ###.....     7%          4    ##.....

Your spell library contained the following spells:

 Spells                   Type           Power        Failure   Level  Hunger
 Magic Dart               Conj           ####         1%          1    None
 Searing Ray              Conj           #####.       1%          2    None
 Throw Flame              Conj/Fire      #####.       1%          2    None
 Inner Flame              Hex/Fire       ####....     1%          3    None
 Iskenderun's Mystic Bla  Conj           #####...     1%          4    ##.....
 Animate Skeleton         Necr           N/A          2%          1    None
 Corona                   Hex            #......      2%          1    None
 Pain                     Necr           #...         2%          1    None
 Dazzling Spray           Conj/Hex       ###...       2%          3    None
 Ensorcelled Hibernation  Hex/Ice        #.....       4%          2    None
 Fulminant Prism          Conj/Hex       ###.......   7%          4    ##.....
 Confuse                  Hex            #.......     9%          3    None
 Regeneration             Chrm/Necr      #.........   9%          3    None
 Tukima's Dance           Hex            #.......     9%          3    None
 Vampiric Draining        Necr           #.........   9%          3    None
 Animate Dead             Necr           N/A          26%         4    ##.....


Dungeon Overview and Level Annotations

Branches:
Dungeon (7/15)             Temple (1/1) D:4

Altars:
Ashenzari
Cheibriados
Dithmenos
Elyvilon
Gozag
Hepliaklqana
Kikubaaqudgha
Makhleb
Nemelex Xobeh
Okawaru
Qazlal
Ru
Sif Muna
Trog
Uskayaw
Wu Jian
Xom
Yredelemnul
Zin
The Shining One

Shops:
D:5 *

Annotations:
D:6 2 runed translucent doors, Sassenached's ghost, novice MfIE


Message History

The crimson imp disappears for a moment.
The crimson imp hits you. x2
There is a stone staircase leading up, spattered with blood here.
You see here an arrow.
Casting: Sticky Flame (safe; 1% risk of failure)
Confirm with . or Enter, or press ? or * to list all spells.
Aiming: Flame Tongue (safe; 1% risk of failure)
Press: ? - help, Shift-Dir - straight line, f - leopard gecko skeleton
Aim: a leopard gecko skeleton The flame tongue hits the crimson imp.
The crimson imp completely resists.
The centaur shoots an arrow.
The arrow hits you. The crimson imp hits you.
Casting: Flame Tongue (safe; 1% risk of failure)
Confirm with . or Enter, or press ? or * to list all spells.
Aiming: Fireball (safe; 4% risk of failure)
Press: ? - help, Shift-Dir - straight line, p - leopard gecko skeleton The fireball explodes!
The fireball engulfs the centaur!
The centaur is heavily wounded.
The centaur zaps a wand.
The bolt of acid hits you!!
You are splashed with acid!!
You die...

▒·······╬
▒·······▒
▒··▒···H>··
▒▒▒▒··▒·······
▒·····▒▒▒╬▒▒·▒
▒·▒▒▒·▒ ·
▒·▒▒▒·▒▒▒▒▒▒·▒
▒·····5Z······
▒·▒·▒@▒▒▒▒▒▒▒▒
▒>·······▒
▒▒▒▒▒▒▒▒c▒ ·▒
▒


You could see a centaur, a crimson imp and a leopard gecko skeleton.

Vanquished Creatures
  A hippogriff (D:6)
  2 ice beasts (D:6)
  An ogre (D:6)
  A phantom (D:6)
  2 centaurs
  3 bullfrogs (D:6)
  A scorpion (D:4)
  A centaur zombie (D:6)
  2 bullfrog skeletons
  A hound (D:4)
  An orc priest (D:4)
  A jelly (D:6)
  A gnoll shaman (D:5)
  2 orc wizards (D:5)
  An iguana (D:6)
  2 worker ants
  A hound zombie (D:6)
  A hound skeleton (D:6)
  A howler monkey skeleton (D:6)
  A worker ant zombie (D:5)
  9 adders
  3 gnolls (D:5)
  A shadow imp (D:6)
  2 oozes
  An adder skeleton (D:5)
  2 adder zombies (D:5)
  A worm (D:3)
  2 dart slugs (D:1)
  3 leopard geckos
  11 orcs
  A ball python (D:3)
  4 giant cockroaches
  4 goblins
  5 hobgoblins
  3 jackals (D:1)
  2 quokkas
  10 bats
  7 frilled lizards
  11 kobolds
  9 rats
118 creatures vanquished.

Notes
Turn   | Place    | Note
-------+----------+-------------------------------------------
     0 | D:1      | Azzok the Deep Elf Fire Elementalist began the quest for
                  | the Orb.
     0 | D:1      | Reached XP level 1. HP: 10/10 MP: 6/6
   204 | D:1      | Reached XP level 2. HP: 15/15 MP: 6/8
   653 | D:1      | Reached XP level 3. HP: 20/20 MP: 8/10
  1476 | D:2      | Found a hide-covered altar of Uskayaw.
  1481 | D:2      | Noticed a +0 dagger
  1481 | D:2      | Noticed a +0 hand axe
  1577 | D:2      | Found a sparkling altar of Nemelex Xobeh.
  1602 | D:2      | Reached skill level 1 in Fighting
  1804 | D:3      | Found an ancient bone altar of Kikubaaqudgha.
  1827 | D:3      | Reached XP level 4. HP: 25/25 MP: 9/11
  1926 | D:3      | Reached skill level 4 in Spellcasting
  1980 | D:3      | Learned a level 3 spell: Conjure Flame
  1985 | D:3      | Learned a level 4 spell: Sticky Flame
  2417 | D:3      | Found a shattered altar of Ashenzari.
  2709 | D:4      | Reached XP level 5. HP: 29/29 MP: 11/14
  2850 | D:4      | Found a staircase to the Ecumenical Temple.
  2864 | Temple   | Entered the Ecumenical Temple
  3080 | D:4      | Reached skill level 5 in Spellcasting
  3205 | D:4      | Found a stormy altar of Qazlal.
  3429 | D:4      | Found an iron altar of Okawaru.
  3434 | D:4      | Reached skill level 5 in Fire Magic
  3434 | D:4      | Reached XP level 6. HP: 34/34 MP: 9/16
  3441 | D:4      | Learned a level 5 spell: Fireball
  3560 | D:5      | Entered Level 5 of the Dungeon
  4348 | D:5      | Reached skill level 6 in Spellcasting
  4473 | D:5      | Learned a level 4 spell: Force Lance
  4541 | D:5      | Found Vyhaal's General Store.
  4744 | D:5      | Reached XP level 7. HP: 38/38 MP: 7/18
  4947 | D:6      | Found a runed translucent door.
  4994 | D:6      | Noticed Sassenached's ghost (novice MfIE)
  5017 | D:6      | Found a runed translucent door.
  5075 | D:6      | Reached skill level 5 in Conjurations
  5188 | D:6      | Reached skill level 7 in Spellcasting
  5430 | D:6      | Found a hazy altar of Hepliaklqana.
  5457 | D:6      | Reached XP level 8. HP: 20/43 MP: 14/21
  6017 | D:6      | Found an ornate altar of the Wu Jian Council.
  6234 | D:6      | Reached skill level 8 in Spellcasting
  6473 | D:7      | Noticed a hippogriff
  6491 | D:6      | Killed a hippogriff
  6491 | D:6      | Reached skill level 1 in Shields
  6760 | D:7      | Splashed by a centaur's acid

Levels and vault maps discovered:
D:1:      denvon_arrival_planthouse, layout_basic
D:2:      layout_rooms, lemuel_doored_altar, dancing_weapons_uskayaw
D:3:      layout_loops_ring, kiku_gazebo_garden_becter,
          cheibrodos_ashenzari_chains
D:4:      layout_rooms, lemuel_coloured_pillars_altar, grunt_qazlal_clouds,
          minmay_temple_entry_offerings
D:5:      layout_basic, serial_shops, shop_coins, first_ration
D:6:      layout_basic, kennysheep_mini_moat, kennysheep_mini,
          ebering_ghost_sewer_f
D:7:      layout_basic, vehumet_altar_wand_db, grunt_ogre_cave,
          water_maze_lemuel, uniq_prince_ribbit1
Temple:   dshaligram_water_room_temple

Skill      XL: |  1  2  3  4  5  6  7  8 |
---------------+-------------------------+-----
Conjurations   | 2 3 4 5 6 |  6.6
Fighting       | 1 |  1.0
Fire Magic     | 4 5 6 7 |  7.4
Spellcasting   | 4 5 6 7 8 |  8.3
Shields        | 1 |  1.4
Dodging        | |  2.4
Stealth        | |  2.4

Action                   |  1- 3 |  4- 6 |  7- 9 || total
-------------------------+-------+-------+-------++-------
Melee: Unarmed           |    15 |     1 |     2 ||    18
 Cast: Flame Tongue      |    74 |    96 |    68 ||   238
       Sticky Flame      |       |     8 |     9 ||    17
       Conjure Flame     |       |     1 |     1 ||     2
       Fireball          |       |       |     2 ||     2
       Force Lance       |       |       |     7 ||     7
  Use: Scroll            |     3 |     1 |     1 ||     5
  Eat: Chunk             |     3 |     5 |     5 ||    13
       Ration            |       |     1 |     1 ||     2
Armor: Robe              |    11 |       |     5 ||    16
Dodge: Dodged            |    29 |    23 |    17 ||    69
Block: Other             |    13 |     9 |    12 ||    34
       Reflection        |     1 |     4 |     2 ||     7

Table legend:
 A = Non-vault XP
 B = Vault XP
 C = Vault XP percentage of total XP
 D = Non-vault monster count
 E = Vault monster count
 F = Vault count percentage of total count
                 A         B        C        D         E       F
            +---------+---------+-------+---------+---------+-------
      Total |    2210 |       0 |   0.0 |     118 |       0 |   0.0
            +---------+---------+-------+---------+---------+-------
        D:1 |      51 |       0 |   0.0 |      31 |       0 |   0.0
        D:2 |      36 |       0 |   0.0 |      12 |       0 |   0.0
        D:3 |      80 |       0 |   0.0 |      21 |       0 |   0.0
        D:4 |     253 |       0 |   0.0 |      11 |       0 |   0.0
        D:5 |     372 |       0 |   0.0 |      19 |       0 |   0.0
        D:6 |    1405 |       0 |   0.0 |      23 |       0 |   0.0
        D:7 |      13 |       0 |   0.0 |       1 |       0 |   0.0
            +---------+---------+-------+---------+---------+-------
